 Dungeon Crawl Stone Soup version 0.31-a0-1074-g0b22e4e0f1 (webtiles) character file.

Game seed: 15785566404682139867

1611283 Forgeling the Crack Shot (level 27, 175/201 HPs)
             Began as a Gnoll Summoner on Nov 27, 2023.
             Was the Champion of Hepliaklqana.
             Escaped with the Orb
             ... and 3 runes on Nov 28, 2023!
             The game lasted 03:56:39 (80898 turns).

Forgeling the Crack Shot (Gnoll Summoner)          Turns: 80898, Time: 03:56:40

Health: 175/201    AC: 36    Str: 14    XL:     27
Magic:  38/38      EV: 23    Int: 26    God:    Hepliaklqana [******]
Gold:   9511       SH:  0    Dex: 24    Spells: 7/67 levels left

rFire   + + +        a - +7 arbalest of the Gloaming {speed, rElec rC+ rN++ Will-}
rCold   + + +        (shield currently unavailable)
rNeg    + + .        K - +12 ice dragon scales of Koxotzey {rF- rC++ Str+3}
rPois   +            (helmet restricted)
rElec   +            n - scarf {rC+ rF+}
rCorr   +            p - +2 pair of gloves
SInv    .            q - +2 pair of boots {rampage}
Will    ++...        O - amulet of Tiqaon {Acrobat MP-9 Str+4 Dex+5}
Stlth   ++           r - ring of the Pure Beasts {rPois rF++ rCorr Dex+3}
HPRegen 0.53/turn    o - ring of Gozag's Vengeance {rElec rF+ Will+}
MPRegen 0.26/turn

%: random rage (3%), acrobat, rampage
@: studying 2 skills
A: reduced essence, fangs 1, strong nose, distributed training, horns 1, berserk
1, mutation resistance 1
0: Orb of Zot
}: 3/15 runes: decaying, serpentine, silver
a: Renounce Religion, Recall Ancestor, Ancestor Identity, Transference, Idealise


You escaped.
You worshipped Hepliaklqana.
Hepliaklqana was exalted by your worship.
You visited 12 branches of the dungeon, and saw 52 of its levels.
You also visited: Sewer, Gauntlet, Ice Cave and Desolation.

You collected 9808 gold pieces.
You spent 297 gold pieces at shops.

Inventory:

Hand Weapons
 a - the +7 arbalest of the Gloaming (weapon) {speed, rElec rC+ rN++ Will-}
   (You took it off a minotaur in a Gauntlet)

   rC+:       It protects you from cold.
   rElec:     It insulates you from electricity.
   rN++:      It greatly protects you from negative energy.
   Will-:     It decreases your willpower.
Missiles
 f - 11 curare-tipped darts
 u - 4 throwing nets
 w - 9 javelins
 L - 15 silver javelins
Armour
 l - a +2 helmet of intelligence
 n - a scarf of resistance (worn)
 p - a +2 pair of gloves (worn)
 q - a +2 pair of boots of rampaging (worn)
 K - the +12 ice dragon scales of Koxotzey (worn) {rF- rC++ Str+3}
   (You took it off a deep elf high priest on level 3 of the Elven Halls)

   Str+3:     It affects your strength (+3).
   rF-:       It makes you vulnerable to fire.
   rC++:      It greatly protects you from cold.
Jewellery
 b - the ring of Xom's Recklessness {rPois rN+ MP+9 Dex+2}
   (You found it on level 1 of the Elven Halls)

   [ring of magical power]

   Dex+2:     It affects your dexterity (+2).
   rPois:     It protects you from poison rN+: It protects you from negative
   energy.
   MP+9:      It affects your magic capacity (+9).
 c - the ring of Arryof {+Blink rElec rPois AC+4 Int-3}
   (You took it off an imperial myrmidon in the Desolation of Salt)

   [ring of protection]

   AC+4:      It affects your AC (+4).
   Int-3:     It affects your intelligence (-3).
   rElec:     It insulates you from electricity.
   rPois:     It protects you from poison +Blink: It lets you blink.
 j - the ring of Ufaegg {Fly rElec rPois rN+ MP-9}
   (You found it on level 2 of the Crypt)

   [ring of positive energy]

   rElec:     It insulates you from electricity.
   rPois:     It protects you from poison rN+: It protects you from negative
   energy.
   MP-9:      It affects your magic capacity (-9).
   Fly:       It grants you flight.
 o - the ring of Gozag's Vengeance (right hand) {rElec rF+ Will+}
   (You took it off an orc on level 4 of the Dungeon)

   [ring of willpower]

   rF+:       It protects you from fire.
   rElec:     It insulates you from electricity.
   Will+:     It increases your willpower.
 r - the ring of the Pure Beasts (left hand) {rPois rF++ rCorr Dex+3}
   (You acquired it on level 2 of the Crypt)

   [ring of resist corrosion]

   Dex+3:     It affects your dexterity (+3).
   rF++:      It greatly protects you from fire.
   rPois:     It protects you from poison rCorr: It protects you from acid and
   corrosion.
 x - a ring of resist corrosion
 O - the amulet of Tiqaon (around neck) {Acrobat MP-9 Str+4 Dex+5}
   (You found it in the Desolation of Salt)

   [amulet of the acrobat]

   Acrobat:   It increases your evasion while moving and waiting.
   Str+4:     It affects your strength (+4).
   Dex+5:     It affects your dexterity (+5).
   MP-9:      It affects your magic capacity (-9).
Wands
 d - a wand of digging (18)
 e - a wand of charming (41)
 h - a wand of acid (31)
 i - a wand of roots (66)
 y - a wand of mindburst (23)
Scrolls
 k - 3 scrolls of brand weapon
 s - 8 scrolls of enchant armour
 t - 4 scrolls of amnesia
 z - 13 scrolls of enchant weapon
 D - 2 scrolls of blinking
 E - 9 scrolls of fear
 F - 6 scrolls of fog
 P - 17 scrolls of poison
 S - 4 scrolls of butterflies
 V - 11 scrolls of vulnerability
 X - a scroll of revelation {@r4}
 Y - 26 scrolls of teleportation {@r3}
Potions
 B - 7 potions of brilliance
 C - 4 potions of cancellation
 G - 6 potions of ambrosia
 H - a potion of haste
 I - 7 potions of invisibility
 J - 18 potions of curing {@q1}
 M - 6 potions of might
 N - 6 potions of heal wounds {@q2}
 Q - 5 potions of magic
 R - 6 potions of resistance
 U - 6 potions of mutation
 W - 8 potions of enlightenment
Miscellaneous
 g - a condenser vane
 m - a phantom mirror
 v - a lightning rod (4/4)
 T - a sack of spiders


   Skills:
 + Level 20.0 Fighting
 + Level 20.0 Short Blades
 + Level 20.0 Long Blades
 + Level 20.0 Axes
 + Level 22.0 Maces & Flails
 + Level 20.0 Polearms
 + Level 20.0 Staves
 + Level 23.9 Ranged Weapons
 + Level 20.0 Throwing
 + Level 20.0 Armour
 + Level 20.4 Dodging
 + Level 20.3 Stealth
 + Level 20.0 Shields
 + Level 20.0 Unarmed Combat
 + Level 20.5 Spellcasting
 + Level 17.1 Conjurations
 + Level 17.1 Hexes
 + Level 18.3 Summonings
 + Level 17.1 Necromancy
 + Level 21.5 Translocations
 + Level 17.1 Transmutations
 + Level 17.1 Fire Magic
 + Level 17.1 Ice Magic
 + Level 17.1 Air Magic
 + Level 17.1 Earth Magic
 + Level 17.1 Poison Magic
 + Level 21.6 Invocations
 + Level 20.0 Evocations
 + Level 18.5 Shapeshifting


You had 7 spell levels left.
You knew the following spells:

 Your Spells              Type           Power      Damage    Failure   Level
a - Disjunction           Tloc           47%        N/A       4%          8
b - Summon Lightning Spi  Summ/Air       87%        N/A       1%          4
c - Borgnjor's Vile Clut  Necr/Erth      43%        N/A       1%          5
f - Dimensional Bullseye  Hex/Tloc       45%        N/A       0%          4
g - Ignite Poison         Fire/Tmut/Pois 86%        N/A       0%          3
i - Yara's Violent Unrav  Hex/Tmut       43%        3d17      1%          5
q - Summon Forest         Summ/Tloc      46%        N/A       1%          5
r - Dispel Undead         Necr           86%        3d28      1%          4
t - Ozocubu's Refrigerat  Ice            43%        4d17      3%          7
v - Eringya's Noxious Bo  Tmut/Pois      43%        4d6       1%          6
w - Olgreb's Toxic Radia  Pois           86%        N/A       1%          4
y - Irradiate             Conj/Tmut      43%        3d26      1%          5

Your spell library contained the following spells:

 Spells                   Type           Power      Damage    Failure   Level
 Foxfire                  Conj/Fire      100%       2x1d9     0%          1
 Freeze                   Ice            100%       1d10      0%          1
 Kiss of Death            Conj/Necr      100%       2d13      0%          1
 Magic Dart               Conj           100%       1d8       0%          1
 Shock                    Conj/Air       100%       1d9       0%          1
 Slow                     Hex            100%       N/A       0%          1
 Sting                    Tmut/Pois      100%       1d8       0%          1
 Summon Small Mammal      Summ           100%       N/A       0%          1
 Call Imp                 Summ           100%       N/A       0%          2
 Cigotuvi's Dreadful Rot  Necr/Pois/Air  100%       N/A       0%          2
 Ensorcelled Hibernation  Hex/Ice        100%       N/A       0%          2
 Passwall                 Tmut/Erth      71%        N/A       0%          2
 Poisonous Vapours        Pois/Air       100%       N/A       0%          2
 Searing Ray              Conj           100%       2d8       0%          2
 Static Discharge         Conj/Air       100%       3-8/arc   0%          2
 Sublimation of Blood     Necr           86%        N/A       0%          2
 Wereblood                Tmut           86%        N/A       0%          2
 Call Canine Familiar     Summ           89%        N/A       0%          3
 Confusing Touch          Hex            86%        N/A       0%          3
 Frozen Ramparts          Ice            100%       1d16      0%          3
 Hailstorm                Conj/Ice       86%        3d17      0%          3
 Inner Flame              Hex/Fire       86%        N/A       0%          3
 Mephitic Cloud           Conj/Pois/Air  86%        N/A       0%          3
 Sigil of Binding         Hex            86%        N/A       0%          3
 Stone Arrow              Conj/Erth      100%       3d13      0%          3
 Summon Guardian Golem    Hex/Summ       87%        N/A       0%          3
 Swiftness                Air            86%        N/A       0%          3
 Tukima's Dance           Hex            86%        N/A       0%          3
 Vampiric Draining        Necr           86%        2d12      0%          3
 Volatile Blastmotes      Fire/Tloc      100%       2d18      0%          3
 Iskenderun's Mystic Bla  Conj/Tloc      91%        2d18      0%          4
 Manifold Assault         Tloc           95%        N/A       0%          4
 Vhi's Electric Charge    Tloc/Air       100%       N/A       0%          4
 Airstrike                Air            43%        2d(7-23)  1%          4
 Anguish                  Hex/Necr       43%        N/A       1%          4
 Animate Dead             Necr           86%        N/A       1%          4
 Cause Fear               Hex            43%        N/A       1%          4
 Flame Wave               Conj/Fire      86%        2d18      1%          4
 Fulminant Prism          Conj/Hex       43%        3d19      1%          4
 Leda's Liquefaction      Hex/Erth       43%        N/A       1%          4
 Petrify                  Tmut/Erth      86%        N/A       1%          4
 Sticky Flame             Conj/Fire      86%        2d10      1%          4
 Summon Ice Beast         Ice/Summ       87%        N/A       1%          4
 Alistair's Intoxication  Tmut/Pois      57%        N/A       1%          5
 Arcjolt                  Conj/Air       43%        1d53      1%          5
 Fireball                 Conj/Fire      43%        3d17      1%          5
 Freezing Cloud           Conj/Ice/Air   43%        6-21      1%          5
 Lee's Rapid Deconstruct  Erth           43%        3d21*     1%          5
 Metabolic Englaciation   Hex/Ice        43%        N/A       1%          5
 Summon Mana Viper        Hex/Summ       87%        N/A       1%          5
 Bombard                  Conj/Erth      43%        9d7       1%          6
 Death Channel            Necr           43%        N/A       1%          6
 Dispersal                Tloc           47%        N/A       1%          6
 Plasma Beam              Fire/Air       43%        2x1d57    1%          6
 Simulacrum               Ice/Necr       43%        N/A       1%          6
 Summon Cactus Giant      Summ           44%        N/A       1%          6
 Monstrous Menagerie      Summ           44%        N/A       1%          7
 Summon Hydra             Summ           44%        N/A       1%          7
 Enfeeble                 Hex            43%        N/A       3%          7
 Ignition                 Fire           43%        3d12      26%         8
 Dragon's Call            Summ           44%        N/A       94%         9
 Chain Lightning          Conj/Air       43%        3d57      98%         9
 Fire Storm               Conj/Fire      43%        8d11      98%         9
 Polar Vortex             Ice            43%        12d5*     98%         9


Dungeon Overview and Level Annotations

Branches:
Dungeon (15/15)            Temple (0/1) D:6            Lair (5/5) D:8
  Swamp (4/4) Lair:2        Snake (4/4) Lair:3        Slime (0/5) Lair:5
    Orc (2/2) D:12            Elf (3/3) Orc:2        Vaults (5/5) D:14
  Crypt (3/3) Vaults:2       Tomb (1/3) Crypt:3      Depths (4/4) D:15
   Hell (visited)             Dis (0/7) Hell            Geh (0/7) Hell
    Coc (0/7) Hell            Tar (0/7) Hell            Zot (5/5) Depths:4
  Sewer (visited)           IceCv (visited)         Desolation (visited)
Gauntlet (visited)

Altars:
Cheibriados
Dithmenos
Elyvilon
Gozag
Hepliaklqana
Kikubaaqudgha
Nemelex Xobeh
Ru
Sif Muna
Trog
Vehumet
Wu Jian
Xom
Yredelemnul
Zin
Jiyva

Shops:
D:10 [[=   Orc:2 ?(:(   Elf:2 ?   Snake:2 [   Snake:3 :****   Depths:1 !
Depths:2 *   Depths:3 :

Portals:
Hell: Depths:1 Depths:2 Depths:3 Depths:4
Abyss: Lair:5 Depths:3 Depths:4
Pandemonium: Depths:1 Depths:2
Ziggurat: Depths:1
Trove: Elf:2 (give 3 scrolls of blinking)

Annotations:
Zot:4 3 runed translucent doors, Emoisch's ghost, adept MiFi


Innate Abilities, Weirdness & Mutations

Your life essence is reduced to manifest your ancestor. (-10% HP)
You have very sharp teeth.
Your uncanny sense of smell can sniff out nearby items.
Your experience applies equally to all skills.
You have a pair of small horns on your head.
You sometimes lose your temper in combat.
You are somewhat resistant to further mutation.


Message History

Tiberia hits the Ice Fiend with a +0 broad axe of speed!!
Tiberia blocks the Ice Fiend's attack. x2
Fire: a) +7 arbalest of the Gloaming {speed, rElec rC+ rN++ Will-}
Press: ? - help, Q - select action, (/) - cycle Shift-Dir - straight line, f/p - Ice Fiend
Aim: an Ice Fiend (severely wounded, not watching you, ally target, 86% to hit)
You shoot a bolt. Tiberia avoids your attack.
The bolt hits the Ice Fiend!!
You kill the Ice Fiend!
What level of the Dungeon? (default 1, ? - help)
You swap places.
Magic restored.
There is a stone staircase leading up here.
You climb upwards.
There is a stone staircase leading down here.
You see here a +6 ring of dexterity.
There is a stone staircase leading up here.
You climb upwards.
There is a stone staircase leading down here.
Tiberia is no longer moving quickly.
There is a stone staircase leading up here.
You climb upwards.
There is a stone staircase leading down here.
You see here a rat skeleton.
A sun demon comes into view.
Tiberia mumbles some strange words.
Tiberia seems to speed up.
Tiberia closely misses the sun demon.
An Orb Guardian comes into view.
There is a stone staircase leading up here.
You climb upwards.
There is a stone staircase leading down here.
What level of the Dungeon? (default 1, ? - help)
Okay, then.
Unknown command.
Unknown command.
Unknown command.
You see here a +0 club.
Blink to where?
Press: ? - help, Dir - move target
As you read the scroll of blinking, it crumbles to dust.
You have escaped!

#.#.# #.#.##....#...........#.#
#.#.###.#.##∩.P.....#.#####.#.#
#.#.......A...P.....#.# #.#.#
#.#####.##...P♣P..#.#.# #.#.#
#.#####.#....P......#.#####.#.#
#...........PPP♣....#.......#.#
###.###.....P♣♣8♣P..#########.#
#.#........PPP8P∩...........#
#...........@PPP.#.##########
###...P♣.....P..P..#.....#....#
#....P.♣P...P♣.......#.#.......
#.#...8♣P...PP8P.∩...#.#.#.##.#
#.##...P8P...PPP..#..#.#.#..#.#
#.####..P..#..P..###.#.#.#..#.#
###.######..########
#........#.# ............####
#.###...#.#.##.#
###########....#
#..............#


You could see a profane servitor.

Vanquished Creatures
  3 dread liches
  2 orbs of fire (Zot:5)
  4 ancient liches (Zot:5)
  4 juggernauts
  The ghost of Uferhotu the Impregnable, a veteran MiGl of Hepliaklqana (Crypt:2)
  Parghit (Depths:4)
  Vashnia (Snake:2)
  Saint Roka (Snake:2)
  2 caustic shrikes
  8 Killer Klowns
  The ghost of Omoexics the Ruinous, a veteran DsGl of Vehumet (Crypt:2)
  Geryon (Hell)
  10 golden dragons
  The ghost of Neghedd the Devastator, a veteran GrEE of Lugonu (Crypt:2)
  2 bone dragons
  Norris (Vaults:4)
  2 shard shrike zombies
  3 electric golems
  An Ice Fiend (D:5)
  Jorgrun (Snake:3)
  A walking crystal tome (Depths:3)
  19 Orb Guardians (Zot:5)
  4 liches
  14 tentacled monstrosities
  A deep elf blademaster (Elf:3)
  Asterion (Snake:2)
  4 titans
  2 quicksilver dragons
  Frances (D:13)
  A walking frostbound tome (Depths:3)
  7 sphinxes
  6 death cobs
  5 ancient champions
  2 draconian monks (Zot:4)
  19 storm dragons
  4 tengu reavers
  A revenant (Crypt:1)
  10 shadow dragons
  An azure jelly (shapeshifter) (Vaults:5)
  Roxanne (Swamp:3)
  5 fire giants
  3 deep elf sorcerers (Elf:3)
  3 frost giants
  2 nagarajas (Snake:4)
  A daeva (Depths:1)
  10 vault wardens
  4 draconian scorchers
  A balrug (Depths:1)
  2 draconian knights
  An imperial myrmidon (Desolation)
  6 deep elf elementalists
  5 draconian shifters
  A ghost moth (shapeshifter) (Vaults:5)
  8 ghouls
  A juggernaut zombie (Hell)
  2 cacodemons (Hell)
  A curse skull (Crypt:2)
  An angel (Depths:1)
  2 spriggan defenders
  2 ghost moths
  2 draconian annihilators
  A formless jellyfish (Vaults:4)
  A caustic shrike zombie (Crypt:3)
  13 ironbound preservers
  5 ironbound thunderhulks
  2 reapers (Hell)
  6 stone giants
  6 war gargoyles
  2 orc warlords
  9 very ugly things
  3 deep elf demonologists
  4 green draconians
  A juggernaut skeleton (Hell)
  A caustic shrike skeleton (Depths:4)
  6 vampire knights
  Azrael (D:14)
  2 eleionomae (Swamp:4)
  6 spark wasps
  12 purple draconians
  8 black draconians
  2 bunyips (Swamp:3)
  2 halazid warlocks (Desolation)
  2 red draconians
  3 deep elf annihilators
  A lorocyproca (Hell)
  5 yellow draconians
  2 bennus (Tomb:1)
  A minotaur (Gauntlet)
  3 white draconians
  2 blizzard demons (Hell)
  13 dire elephants
  6 deep elf death magi
  2 eidola (Crypt:1)
  5 ettins
  2 mummy priests (Tomb:1)
  An elf zombie (Crypt:2)
  7 deep elf high priests
  11 yaktaur captains
  A merfolk javelineer (Depths:2)
  An entropy weaver (Depths:4)
  5 ice dragons
  12 jiangshi
  A green death (Depths:2)
  2 great orbs of eyes
  5 crystal guardians
  4 spriggan zombies
  5 fire dragons
  3 ragged hierophants (Desolation)
  3 rakshasas
  15 vault guards
  4 servants of whispers (Desolation)
  4 anacondas
  13 peacekeepers
  8 hydras
  A spriggan air mage (Depths:2)
  A catoblepas (Lair:3)
  4 salamander tyrants (Snake:4)
  2 ghost crabs
  8 centaur warriors
  A two-headed ogre (shapeshifter) (Depths:4)
  A hydra (shapeshifter) (Depths:4)
  6 ironbound frosthearts
  2 deep troll shamans (Depths:3)
  2 vampire magi (Crypt:1)
  2 alligators (Swamp:3)
  4 naga warriors
  4 boulder beetles
  6 two-headed ogres
  3 death scarabs (Tomb:1)
  2 hell hogs (Hell)
  A sphinx skeleton (Vaults:4)
  An Orb Guardian skeleton (Crypt:2)
  6 tengu warriors
  A titan zombie (Hell)
  6 deep troll earth magi
  30 dancing weapons
  6 death yaks
  7 shock serpents
  A thrashing horror (Lair:5)
  2 spriggan berserkers
  2 soul eaters (Hell)
  An occultist (Depths:4)
  4 storm dragon zombies
  2 skysharks (Vaults:4)
  8 deep elf knights
  10 naga sharpshooters
  A goliath frog (Swamp:1)
  25 hell knights
  4 sun demons
  29 skeletal warriors
  5 salamander mystics
  A titan skeleton (Vaults:4)
  A shadow wraith (Crypt:2)
  A flayed ghost (Depths:4)
  2 sea snakes (Snake:1)
  A shadow demon (Depths:2)
  6 bog bodies
  4 sixfirhies (Hell)
  An anaconda zombie (Crypt:3)
  9 deep elf archers
  33 deep trolls
  3 spriggan druids
  5 naga ritualists
  An orb spider (shapeshifter) (Vaults:5)
  6 swamp dragons
  3 glowing orange brains
  8 phantasmal warriors
  4 arcanists
  6 orc knights
  7 mana vipers
  3 spectral hydras (Swamp:4)
  13 ironbound convokers
  8 lindwurms
  8 harpies
  2 obsidian statues
  6 alligator zombies
  An anaconda skeleton (Crypt:3)
  A wolf spider zombie (D:15)
  A harpy (shapeshifter) (D:13)
  3 iron dragon zombies
  A cyclops (shapeshifter) (D:15)
  25 deep elf zephyrmancers
  12 necromancers
  49 ugly things
  A fire giant zombie (Hell)
  19 deep elf pyromancers
  A wolf spider (Lair:5)
  3 frost giant zombies
  2 oklob plants
  14 salamanders
  6 orc sorcerers (Orc:2)
  3 will-o-the-wisps
  3 cyclopes
  2 manticores
  2 naga zombies (Crypt:3)
  2 ice statues
  A large abomination (Crypt:2)
  16 moths of wrath
  6 elephants (Lair:5)
  A shining eye (shapeshifter) (Vaults:5)
  An iron dragon skeleton (Tomb:1)
  2 alligator skeletons
  28 black mambas
  A shock serpent zombie (Crypt:2)
  2 guardian serpents (Snake:4)
  A water nymph (shapeshifter) (Vaults:5)
  8 cane toads
  A torpor snail (shapeshifter) (Depths:4)
  14 vault sentinels
  17 naga magi
  3 molten gargoyles (Desolation)
  A gargoyle (D:10)
  An elf skeleton (Vaults:4)
  2 orange demons (Hell)
  A minotaur zombie (Crypt:2)
  A hellion (Lair:5)
  A rime drake (shapeshifter) (Elf:2)
  A dire elephant skeleton (Lair:5)
  A black draconian zombie (Crypt:2)
  23 yaktaurs
  2 sea snake zombies (Hell)
  2 swamp worm zombies (Swamp:4)
  2 rime drakes
  A centaur skeleton (D:15)
  An ice devil (Gauntlet)
  7 tengu conjurers
  6 komodo dragons
  4 guardian mummies
  7 freezing wraiths
  Psyche (D:9)
  2 harpy zombies (Crypt:3)
  5 hydra zombies
  4 polar bears
  4 trolls
  A troll (shapeshifter) (Vaults:5)
  5 bloated husks
  14 hornets
  7 tyrant leeches
  36 saltlings (Desolation)
  A spectral swamp dragon (Swamp:4)
  A glass eye (Depths:3)
  A hydra skeleton (Hell)
  4 blink frogs (Lair:5)
  3 dream sheep (Lair:5)
  4 ettin zombies
  A culicivora zombie (Crypt:2)
  22 slime creatures
  13 spriggans
  31 flying skulls
  A shadow (D:12)
  A centaur simulacrum (D:15)
  A naga simulacrum (Hell)
  7 water elementals
  2 wyverns
  2 ushabtiu (Tomb:1)
  6 wraiths
  A culicivora (shapeshifter) (D:14)
  3 spriggan skeletons
  17 yaks
  A fire elemental (D:14)
  2 death yak simulacra (Lair:5)
  A basilisk (Lair:5)
  6 vampire mosquitoes
  A basilisk (shapeshifter) (D:13)
  7 humans (D:14)
  7 wargs
  A swamp worm (shapeshifter) (Vaults:5)
  A glowing shapeshifter zombie (Hell)
  10 swamp worms
  16 nagas
  A spectral cane toad (Lair:5)
  2 acid dragons (D:12)
  A hydra simulacrum (Hell)
  14 water moccasins
  2 naga skeletons (Crypt:3)
  13 hell hounds
  13 orc warriors
  A black bear (Lair:2)
  4 boggarts (Vaults:2)
  2 swamp dragon zombies (Swamp:4)
  7 ogres
  9 wolves
  A boggart (shapeshifter) (Vaults:5)
  8 centaurs
  A phantom (Swamp:4)
  A blink frog skeleton (Crypt:2)
  3 kobold brigands
  A gnoll sergeant (D:9)
  9 bullfrogs
  A salamander skeleton (Crypt:1)
  2 scorpions
  A wyvern zombie (D:8)
  2 cane toad simulacra (Lair:5)
  11 necrophages
  2 earth elementals (Elf:3)
  A wight (D:8)
  A yak zombie (Crypt:2)
  A polar bear skeleton (Crypt:2)
  2 howler monkeys
  2 electric eels
  3 centaur zombies
  2 hounds
  6 orc priests
  A human zombie (Crypt:1)
  11 jellies
  A sleepcap (D:5)
  A human skeleton (Crypt:1)
  14 orc wizards
  A spectral swamp drake (Swamp:4)
  8 hell rats
  A polar bear simulacrum (IceCv)
  A nameless horror (D:4)
  A hound zombie (Crypt:2)
  4 mummies
  6 gnolls
  2 swamp drake zombies (Swamp:4)
  8 river rats
  A shadow imp (D:6)
  5 white imps
  4 ufetubi
  3 dart slugs
  58 orcs
  A ball python (D:3)
  3 endoplasms
  A giant cockroach (D:1)
  4 goblins
  4 hobgoblins
  4 jackals
  2 quokkas (D:1)
  3 bats
  2 frilled lizards
  A frilled lizard skeleton (Crypt:2)
  A goblin zombie (Crypt:1)
  10 kobolds
  8 rats
  A creeping inferno (Hell)
  3 fire vortices (Hell)
1685 creatures vanquished.

Vanquished Creatures (collateral kills)
  An ancient lich (Zot:5)
  Frederick (Crypt:1)
  4 Killer Klowns (Zot:5)
  Margery (Depths:4)
  2 curse toes
  8 golden dragons
  A bone dragon (Crypt:3)
  A hellephant (Hell)
  Rupert (D:13)
  9 tentacled monstrosities
  4 liches
  6 Orb Guardians (Zot:5)
  3 quicksilver dragons
  4 sphinxes
  2 titans
  A walking frostbound tome (Depths:3)
  3 death cobs
  A deep elf blademaster (Elf:2)
  5 storm dragons
  6 tengu reavers
  A nagaraja (Snake:4)
  7 shadow dragons
  2 draconian knights
  A fire giant (Depths:3)
  2 draconian monks
  3 deep elf sorcerers
  5 vault wardens
  6 frost giants
  A frost giant (shapeshifter) (Vaults:5)
  An imperial myrmidon (Desolation)
  5 ghost moths
  A juggernaut zombie (Hell)
  A deep elf elementalist (Elf:3)
  A caustic shrike zombie (Crypt:1)
  An iron dragon (Vaults:5)
  A draconian shifter (Zot:1)
  A curse skull (Vaults:2)
  A caustic shrike skeleton (Depths:4)
  A cacodemon (Depths:1)
  4 draconian stormcallers
  3 war gargoyles
  7 stone giants
  10 ironbound preservers
  A formless jellyfish (shapeshifter) (Depths:4)
  A draconian annihilator (Zot:4)
  A very ugly thing (Depths:3)
  A vampire knight (Depths:1)
  3 ironbound thunderhulks
  3 green draconians
  4 dire elephants
  3 black draconians
  A red draconian (Zot:1)
  A purple draconian (Zot:5)
  2 bunyips
  The ghost of Bomul the Peltast, a journeyman OpSh of Gozag (Lair:5)
  6 spark wasps
  A yellow draconian (Zot:4)
  An ettin (Depths:2)
  An eidolon (Vaults:2)
  A white draconian (Zot:4)
  3 crystal guardians
  A deep elf death mage (Elf:3)
  4 ragged hierophants (Desolation)
  4 deep elf high priests
  3 jiangshi
  An entropy weaver (Vaults:3)
  7 ice dragons
  18 slime creatures
  A quicksilver dragon skeleton (Hell)
  4 yaktaur captains
  3 fire dragons
  2 great orbs of eyes
  A kraken zombie (Swamp:1)
  A shambling mangrove (Swamp:4)
  2 rakshasas (Depths:4)
  A hydra (Swamp:2)
  18 vault guards
  Erolcha (D:11)
  A spriggan air mage (Depths:3)
  4 servants of whispers (Desolation)
  9 anacondas
  4 peacekeepers (Desolation)
  A ghost crab (Lair:2)
  3 ogre magi
  4 ironbound frosthearts
  A fenstrider witch skeleton (Hell)
  A centaur warrior (Vaults:4)
  3 alligators
  7 naga warriors
  A death scarab (Tomb:1)
  2 titan zombies
  A tengu warrior (Depths:4)
  5 death yaks
  3 two-headed ogres
  A death yak (shapeshifter) (D:15)
  An orc high priest (Elf:1)
  4 naga sharpshooters
  6 dancing weapons
  2 deep troll earth magi (Depths:1)
  2 spriggan berserkers
  9 vampire magi
  Nergalle (D:10)
  3 deep elf knights
  A skyshark (Vaults:4)
  4 sun demons
  6 shock serpents
  An iron troll (Depths:1)
  4 soul eaters
  12 hell knights
  An iron troll (shapeshifter) (Vaults:5)
  11 skeletal warriors
  A titan skeleton (Crypt:2)
  2 goliath frogs
  A spectral bunyip (Swamp:4)
  A kraken simulacrum (Swamp:1)
  A sea snake (Snake:1)
  6 ironbound convokers
  A spectral anaconda (Lair:5)
  A naga ritualist (Snake:2)
  3 deep elf archers
  3 swamp dragons
  A bog body (Swamp:4)
  A phantasmal warrior (Vaults:5)
  23 deep trolls
  3 lindwurms
  A swamp dragon (shapeshifter) (Depths:4)
  A spriggan druid (Swamp:1)
  4 harpies
  6 deep elf zephyrmancers
  2 orc knights
  5 deep elf pyromancers
  4 orc sorcerers (Orc:2)
  4 arcanists
  11 necromancers
  6 mana vipers
  19 ugly things
  A cyclops (shapeshifter) (D:12)
  A stone giant zombie (Hell)
  Maurice (D:8)
  5 cyclopes
  2 manticores (D:14)
  4 will-o-the-wisps
  An alligator zombie (Swamp:4)
  6 moths of wrath
  5 vault sentinels
  2 elephants (Lair:5)
  A molten gargoyle (Elf:2)
  4 guardian serpents
  An orange demon (Depths:1)
  6 salamanders
  17 black mambas
  A smoke demon (Hell)
  2 naga magi
  A gargoyle (D:13)
  3 ice statues
  An alligator snapping turtle zombie (Crypt:2)
  An unseen horror zombie (D:8)
  7 cane toads
  A naga skeleton (Hell)
  A rime drake (Lair:3)
  An ancient zyme (Lair:5)
  5 komodo dragons
  8 yaktaurs
  An efreet (D:15)
  2 ice devils (Lair:2)
  4 tengu conjurers
  6 freezing wraiths
  A hydra zombie (Swamp:4)
  6 trolls
  A spectral skyshark (Lair:2)
  3 polar bears
  A yaktaur skeleton (Vaults:4)
  5 guardian mummies
  3 meliai (D:14)
  7 hornets
  23 saltlings
  A fire dragon zombie (Crypt:3)
  2 tyrant leeches
  2 spectral elephants (Lair:5)
  2 blink frogs (Lair:5)
  A hydra skeleton (Swamp:1)
  8 dream sheep (Lair:5)
  4 spriggan skeletons (Swamp:1)
  8 spriggans
  13 flying skulls
  A vampire (D:11)
  6 water elementals
  3 wyverns
  2 dire elephant simulacra
  A fire elemental (Elf:1)
  An elf skeleton (Vaults:4)
  Grum (D:8)
  23 yaks
  A vampire mosquito (D:13)
  A chaos spawn (Gauntlet)
  A death yak simulacrum (Lair:5)
  An alligator snapping turtle simulacrum (Hell)
  A neqoxec (Gauntlet)
  A steam dragon (D:7)
  3 basilisks
  2 spectral cane toads (Lair:5)
  6 swamp worms
  A hydra simulacrum (IceCv)
  A glowing shapeshifter zombie (Hell)
  4 hell hounds
  9 nagas
  5 water moccasins
  2 acid dragons
  A water nymph skeleton (Crypt:2)
  7 orc warriors
  An ice beast (D:3)
  A hornet zombie (D:15)
  3 black bears
  2 elephant zombies (Lair:5)
  A boggart (Vaults:2)
  2 ogres (Orc:2)
  10 wolves
  2 centaurs
  3 phantoms
  A kobold brigand (D:8)
  4 bullfrogs
  3 gnoll sergeants
  3 scorpions
  2 cane toad simulacra (IceCv)
  A wyvern zombie (D:7)
  9 wights
  A troll zombie (Crypt:1)
  6 killer bees (D:10)
  An elephant simulacrum (Lair:5)
  2 howler monkeys (D:7)
  An electric eel (Lair:1)
  A hound (D:5)
  2 centaur zombies
  8 orc priests
  10 jellies
  2 gnoll boudas
  A human zombie (D:8)
  3 iguanas
  12 orc wizards
  A sleepcap (D:5)
  A boggart zombie (Crypt:1)
  6 hell rats
  A polar bear simulacrum (IceCv)
  3 wolf simulacra (IceCv)
  6 mummies
  17 gnolls
  8 adders
  6 river rats
  A swamp drake zombie (Swamp:4)
  A white imp (D:6)
  3 ufetubi
  A worm (D:4)
  2 dart slugs (D:4)
  34 orcs
  5 ball pythons
  3 bats
  4 endoplasms
  A giant cockroach (D:4)
  6 hobgoblins
  4 jackals
  3 quokkas (D:4)
  A frilled lizard (D:2)
  3 goblins
  13 kobolds
  11 rats
988 creatures vanquished.

Vanquished Creatures (others)
  A deep elf master archer (Elf:3)
  A black draconian (Zot:1)
  3 yaktaur captains
  A vault guard (Vaults:5)
  A peacekeeper (Desolation)
  3 naga sharpshooters (Snake:4)
  An orc high priest (Elf:1)
  A deep elf archer (Elf:1)
  A deep elf pyromancer (Elf:1)
  2 vault sentinels
  5 yaktaurs
  A tengu conjurer (D:14)
  A freezing wraith (Swamp:1)
  A bloated husk (Swamp:4)
  A water elemental (Hell)
  A human (D:14)
  2 nagas
  5 phantoms (Swamp:4)
  An orc wizard (Orc:2)
  62 knights
  2 ancestors (D:7)
  2 orcs
  34 foxfires
  2 snaplasher vines
  8 tentacles (Swamp:1)
143 creatures vanquished.

Grand Total: 2816 creatures vanquished

Notes
Turn   | Place    | Note
-------+----------+-------------------------------------------
     0 | D:1      | Forgeling the Gnoll Summoner began the quest for the Orb.
     0 | D:1      | Reached XP level 1. HP: 13/13 MP: 6/6
   243 | D:1      | Reached XP level 2. HP: 7/19 MP: 5/7
   855 | D:1      | Reached skill level 5 in Spellcasting
   855 | D:1      | Reached XP level 3. HP: 25/25 MP: 6/9
  1195 | D:1      | Learned a level 3 spell: Call Canine Familiar
  1198 | D:1      | Learned a level 2 spell: Call Imp
  1222 | D:2      | Reached skill level 1 in Invocations
  1314 | D:2      | Found a faded altar of an unknown god.
  1322 | D:2      | Reached skill level 1 in Fighting
  1322 | D:2      | Reached skill level 1 in Short Blades
  1322 | D:2      | Reached skill level 1 in Long Blades
  1322 | D:2      | Reached skill level 1 in Axes
  1322 | D:2      | Reached skill level 1 in Maces & Flails
  1322 | D:2      | Reached skill level 1 in Polearms
  1322 | D:2      | Reached skill level 1 in Staves
  1322 | D:2      | Reached skill level 1 in Ranged Weapons
  1322 | D:2      | Reached skill level 1 in Throwing
  1322 | D:2      | Reached skill level 1 in Armour
  1322 | D:2      | Reached skill level 1 in Shields
  1322 | D:2      | Reached skill level 1 in Unarmed Combat
  1322 | D:2      | Reached skill level 1 in Evocations
  1330 | D:2      | Reached XP level 4. HP: 32/32 MP: 8/11
  1401 | D:2      | Reached skill level 1 in Shapeshifting
  1727 | D:2      | Learned a level 4 spell: Summon Lightning Spire
  1733 | D:3      | Noticed an ice beast
  1781 | D:3      | Reached skill level 1 in Conjurations
  1781 | D:3      | Reached skill level 1 in Hexes
  1781 | D:3      | Reached skill level 1 in Necromancy
  1781 | D:3      | Reached skill level 1 in Translocations
  1781 | D:3      | Reached skill level 1 in Transmutations
  1781 | D:3      | Reached skill level 1 in Fire Magic
  1781 | D:3      | Reached skill level 1 in Ice Magic
  1781 | D:3      | Reached skill level 1 in Air Magic
  1781 | D:3      | Reached skill level 1 in Earth Magic
  1781 | D:3      | Reached skill level 1 in Poison Magic
  2020 | D:3      | Reached XP level 5. HP: 34/37 MP: 5/12
  2024 | D:3      | Found a glowing drain.
  2067 | Sewer    | Entered a sewer
  2599 | D:3      | Reached XP level 6. HP: 27/44 MP: 4/14
  3556 | D:4      | Reached skill level 5 in Dodging
  3589 | D:4      | Reached skill level 2 in Ranged Weapons
  3784 | D:4      | Reached XP level 7. HP: 31/50 MP: 7/15
  4007 | D:5      | Entered Level 5 of the Dungeon
  4293 | D:5      | Reached skill level 5 in Stealth
  4751 | D:4      | Found an ornate altar of the Wu Jian Council.
  4856 | D:4      | Identified the ring of Gozag's Vengeance {rElec rF+ Will+}
  4928 | D:4      | Reached XP level 8. HP: 57/57 MP: 8/16
  5109 | D:5      | Reached skill level 3 in Ranged Weapons
  5658 | D:5      | Found a hazy altar of Hepliaklqana.
  5801 | D:6      | Found a bloodstained altar of Trog.
  5979 | D:5      | Became a worshipper of Hepliaklqana the Forgotten
  6164 | D:6      | Found an opulent altar of Gozag.
  6338 | D:6      | Found a shadowy altar of Dithmenos.
  6383 | D:6      | Found a staircase to the Ecumenical Temple.
  6822 | D:6      | Reached * piety under Hepliaklqana
  6834 | D:6      | Found a snail-covered altar of Cheibriados.
  7297 | D:7      | Reached XP level 9. HP: 58/58 MP: 14/18
  7326 | D:7      | Found a basalt altar of Yredelemnul.
  7378 | D:7      | Reached skill level 4 in Ranged Weapons
  8077 | D:8      | Noticed Maurice
  8098 | D:8      | Killed Maurice
  8099 | D:8      | Reached skill level 5 in Invocations
  8153 | D:8      | Reached ** piety under Hepliaklqana
  8154 | D:8      | Remembered your ancestor Tiberia as a knight
  8361 | D:8      | Found a white marble altar of Elyvilon.
  8385 | D:8      | Found a sparkling altar of Nemelex Xobeh.
  8386 | D:8      | Found a shimmering blue altar of Sif Muna.
  8475 | D:8      | Noticed Grum
  8483 | D:8      | Reached XP level 10. HP: 65/65 MP: 13/20
  8486 | D:8      | Reached skill level 5 in Fighting
  8486 | D:8      | Reached skill level 5 in Short Blades
  8486 | D:8      | Reached skill level 5 in Long Blades
  8486 | D:8      | Reached skill level 5 in Axes
  8486 | D:8      | Reached skill level 5 in Maces & Flails
  8486 | D:8      | Reached skill level 5 in Polearms
  8486 | D:8      | Reached skill level 5 in Staves
  8486 | D:8      | Reached skill level 5 in Ranged Weapons
  8486 | D:8      | Reached skill level 5 in Throwing
  8486 | D:8      | Reached skill level 5 in Armour
  8486 | D:8      | Reached skill level 5 in Shields
  8486 | D:8      | Reached skill level 5 in Unarmed Combat
  8486 | D:8      | Reached skill level 5 in Evocations
  8486 | D:8      | Killed Grum
  8703 | D:8      | Found a staircase to the Lair.
  8837 | D:8      | Found an ancient bone altar of Kikubaaqudgha.
  9589 | D:9      | Reached skill level 5 in Shapeshifting
  9932 | D:9      | Noticed Psyche
 10200 | D:9      | Reached XP level 11. HP: 72/72 MP: 22/22
 10365 | D:9      | Found a sacrificial altar of Ru.
 10410 | D:9      | Reached skill level 6 in Ranged Weapons
 10553 | D:10     | Entered Level 10 of the Dungeon
 10581 | D:10     | Reached skill level 5 in Conjurations
 10581 | D:10     | Reached skill level 5 in Hexes
 10581 | D:10     | Reached skill level 5 in Necromancy
 10581 | D:10     | Reached skill level 5 in Translocations
 10581 | D:10     | Reached skill level 5 in Transmutations
 10581 | D:10     | Reached skill level 5 in Fire Magic
 10581 | D:10     | Reached skill level 5 in Ice Magic
 10581 | D:10     | Reached skill level 5 in Air Magic
 10581 | D:10     | Reached skill level 5 in Earth Magic
 10581 | D:10     | Reached skill level 5 in Poison Magic
 10768 | D:10     | Found Kiggelao's Armour Shoppe.
 10896 | D:10     | Found Biehod's Jewellery Boutique.
 11031 | D:10     | Noticed Nergalle
 11041 | D:10     | Found Ryroga's Armour Emporium.
 11198 | D:10     | Reached *** piety under Hepliaklqana
 11248 | D:10     | Found a glowing silver altar of Zin.
 11887 | D:10     | Killed Nergalle
 11936 | D:10     | Bought a +0 helmet of intelligence for 184 gold pieces
 12088 | D:11     | Noticed a cyclops
 12094 | D:11     | Noticed a cyclops
 12099 | D:11     | Killed a cyclops
 12134 | D:11     | Noticed Erolcha
 12142 | D:11     | Killed Erolcha
 12258 | D:11     | Noticed a boulder beetle
 12271 | D:11     | Killed a boulder beetle
 12319 | D:11     | Killed a cyclops
 12543 | D:11     | Noticed a purple ugly thing
 12550 | D:11     | Killed a purple ugly thing
 12785 | Lair:1   | Entered Level 1 of the Lair of Beasts
 12921 | Lair:1   | Reached XP level 12. HP: 80/80 MP: 20/24
 12930 | Lair:1   | Reached skill level 7 in Ranged Weapons
 13687 | Lair:1   | Reached **** piety under Hepliaklqana
 14021 | Lair:2   | Found a transporter.
 14023 | Lair:2   | Found a transporter.
 14024 | Lair:2   | Noticed a boulder beetle
 14024 | Lair:2   | Noticed a boulder beetle
 14133 | Lair:2   | Learned a level 5 spell: Summon Forest
 14139 | Lair:2   | Learned a level 5 spell: Yara's Violent Unravelling
 14149 | Lair:2   | Found a frozen archway.
 14167 | IceCv    | Entered an ice cave
 14442 | IceCv    | Learned a level 4 spell: Dimensional Bullseye
 15128 | IceCv    | Identified the +1 robe of Restlessness {Regen+}
 15139 | IceCv    | Identified the staff "Lalaox" {Contam Fly rElec rC+ Stlth+
                  | Ice}
 15713 | Lair:2   | Found a staircase to the Swamp.
 15713 | Lair:2   | Noticed a ghost crab
 15713 | Lair:2   | Noticed a ghost crab
 15954 | Lair:3   | Found a gate leading to a gauntlet.
 15976 | Lair:3   | Reached skill level 8 in Ranged Weapons
 15976 | Lair:3   | Reached XP level 13. HP: 88/88 MP: 26/26
 16052 | Gauntlet | Entered a Gauntlet
 16052 | Gauntlet | Found a transporter.
 16098 | Gauntlet | Found a transporter.
 16100 | Gauntlet | Found a transporter.
 16110 | Gauntlet | Found a transporter.
 16113 | Gauntlet | Found a transporter.
 16121 | Gauntlet | Found a transporter.
 16137 | Gauntlet | Found a transporter.
 16151 | Gauntlet | Found a transporter.
 16158 | Gauntlet | Found a transporter.
 16163 | Gauntlet | Found a transporter.
 16163 | Gauntlet | Found a transporter.
 16191 | Gauntlet | Found a transporter.
 16193 | Gauntlet | Found a transporter.
 16243 | Gauntlet | Found a transporter.
 16471 | Gauntlet | Identified the +7 arbalest of the Gloaming {speed, rElec
                  | rC+ rN++ Will-}
 16471 | Gauntlet | Noticed a minotaur
 16484 | Gauntlet | Killed a minotaur
 16501 | Gauntlet | Got the Compendium of Curses
 16509 | Gauntlet | Identified the +1 scale mail of Parts Unknown {rF+}
 16699 | Lair:3   | Reached ***** piety under Hepliaklqana
 16740 | Lair:3   | Reached skill level 10 in Summonings
 17447 | Lair:3   | Reached skill level 10 in Spellcasting
 17511 | Lair:3   | Identified the +1 morningstar "Vioxacyc" {heavy, rElec
                  | Str+4}
 17687 | Lair:3   | Found a staircase to the Snake Pit.
 18150 | Lair:4   | Reached skill level 10 in Dodging
 18352 | Lair:4   | Reached skill level 9 in Ranged Weapons
 18352 | Lair:4   | Reached XP level 14. HP: 97/97 MP: 28/28
 18377 | Lair:4   | Reached skill level 10 in Stealth
 18905 | Lair:4   | Identified the +1 leather armour "Weonal Kiex" {Will+ Str-2
                  | Int-3 Dex+7}
 19064 | Lair:5   | Entered Level 5 of the Lair of Beasts
 19140 | Lair:5   | Found a transporter.
 19142 | Lair:5   | Found a one-way gate to the infinite horrors of the Abyss.
 19142 | Lair:5   | Noticed Bomul's ghost (journeyman OpSh)
 19153 | Lair:5   | Reached skill level 10 in Invocations
 19342 | Lair:5   | Found a viscous altar of Jiyva.
 19397 | Lair:5   | Found a staircase to the Slime Pits.
 19461 | Lair:5   | Found a transporter.
 20717 | D:12     | Found a staircase to the Orcish Mines.
 20961 | D:12     | Identified the +8 falchion "Ledella" {drain, *Corrode rC+
                  | Str+3}
 21180 | Orc:1    | Entered Level 1 of the Orcish Mines
 21625 | Orc:2    | Entered Level 2 of the Orcish Mines
 21625 | Orc:2    | Found a staircase to the Elven Halls.
 22273 | Orc:2    | Reached ****** piety under Hepliaklqana
 22545 | Orc:2    | Found Yffed's Magic Scroll Boutique.
 22570 | Orc:2    | Found a radiant altar of Vehumet.
 22594 | Orc:2    | Found Guangoam's Antique Weapon Shop.
 22626 | Orc:2    | Found an ancient bone altar of Kikubaaqudgha.
 22870 | Orc:2    | Found Vysahiux's Book Boutique.
 23031 | Orc:2    | Paralysed by an orc sorcerer for 5 turns
 23067 | Orc:2    | Found Ohoeb's Antique Weapon Shop.
 23172 | Orc:2    | Bought a scroll of amnesia for 52 gold pieces
 23172 | Orc:2    | Bought a scroll of identify for 26 gold pieces
 23304 | D:13     | Reached XP level 15. HP: 96/103 MP: 30/30
 23658 | D:13     | Noticed Frances
 23669 | D:13     | Killed Frances
 23670 | D:13     | Reached skill level 10 in Fighting
 23670 | D:13     | Reached skill level 10 in Short Blades
 23670 | D:13     | Reached skill level 10 in Long Blades
 23670 | D:13     | Reached skill level 10 in Axes
 23670 | D:13     | Reached skill level 10 in Maces & Flails
 23670 | D:13     | Reached skill level 10 in Polearms
 23670 | D:13     | Reached skill level 10 in Staves
 23670 | D:13     | Reached skill level 10 in Ranged Weapons
 23670 | D:13     | Reached skill level 10 in Throwing
 23670 | D:13     | Reached skill level 10 in Armour
 23670 | D:13     | Reached skill level 10 in Shields
 23670 | D:13     | Reached skill level 10 in Unarmed Combat
 23670 | D:13     | Reached skill level 10 in Evocations
 24042 | D:13     | Noticed Rupert
 24052 | D:13     | Killed Rupert
 24474 | D:14     | Noticed Azrael
 24483 | D:14     | Killed Azrael
 25785 | D:14     | Identified the +9 plate armour of Grace {Rampage *Slow
                  | rPois Dex+4}
 25789 | D:14     | Identified the +5 great sword "Janiumox" {freeze, *Rage
                  | Int+3}
 25792 | D:14     | Found a gate to the Vaults.
 26063 | D:15     | Entered Level 15 of the Dungeon
 26344 | D:15     | Reached XP level 16. HP: 61/111 MP: 31/31
 26617 | D:15     | Reached skill level 10 in Shapeshifting
 27215 | D:15     | Reached skill level 11 in Ranged Weapons
 27599 | D:15     | Found a staircase to the Depths.
 28138 | D:9      | Killed Psyche
 29136 | Lair:5   | Killed Bomul's ghost
 29497 | Swamp:1  | Entered Level 1 of the Swamp
 29688 | Swamp:1  | Reached XP level 17. HP: 80/117 MP: 31/33
 30920 | Swamp:1  | Reached skill level 10 in Translocations
 31599 | Swamp:2  | Reached skill level 10 in Conjurations
 31599 | Swamp:2  | Reached skill level 10 in Hexes
 31599 | Swamp:2  | Reached skill level 10 in Necromancy
 31599 | Swamp:2  | Reached skill level 10 in Transmutations
 31599 | Swamp:2  | Reached skill level 10 in Fire Magic
 31599 | Swamp:2  | Reached skill level 10 in Ice Magic
 31599 | Swamp:2  | Reached skill level 10 in Air Magic
 31599 | Swamp:2  | Reached skill level 10 in Earth Magic
 31599 | Swamp:2  | Reached skill level 10 in Poison Magic
 32068 | Swamp:2  | Learned a level 4 spell: Olgreb's Toxic Radiance
 32331 | Swamp:2  | Learned a level 3 spell: Ignite Poison
 32439 | Swamp:3  | Noticed Roxanne
 32768 | Swamp:3  | Reached skill level 12 in Ranged Weapons
 33350 | Swamp:3  | Identified a scroll of acquirement
 33351 | Swamp:3  | Acquired Omyr's Lectures on Assistive Shaping
 33359 | Swamp:3  | Learned a level 5 spell: Irradiate
 33366 | Swamp:3  | Learned a level 6 spell: Eringya's Noxious Bog
 33393 | Swamp:3  | Killed Roxanne
 33425 | Swamp:4  | Entered Level 4 of the Swamp
 33684 | Swamp:4  | Identified the +1 robe "Naexont" {Int+4}
 34229 | Swamp:4  | Reached XP level 18. HP: 85/124 MP: 35/35
 34625 | Swamp:4  | Noticed a bone dragon
 34689 | Swamp:4  | Killed a bone dragon
 34874 | Swamp:4  | Got a decaying rune of Zot
 35038 | Snake:1  | Entered Level 1 of the Snake Pit
 36675 | Snake:2  | Found Luretyaj's Armour Boutique.
 36802 | Snake:2  | Noticed Saint Roka
 36863 | Snake:2  | Killed Saint Roka
 37131 | Snake:2  | Got the Enchiridion on Shifting Bad Luck
 37230 | Snake:2  | Noticed Vashnia
 37367 | Snake:2  | Killed Vashnia
 38659 | Snake:2  | Reached skill level 13 in Ranged Weapons
 38743 | Snake:2  | Noticed Asterion
 38756 | Snake:2  | Killed Asterion
 38757 | Snake:2  | Reached XP level 19. HP: 134/134 MP: 18/36
 38955 | Snake:3  | Found Tufigh's General Store.
 39093 | Snake:3  | Found Colluz's Assorted Antiques.
 39142 | Snake:3  | Noticed Jorgrun
 39152 | Snake:3  | Killed Jorgrun
 39325 | Snake:3  | Found Caluni's General Store.
 39480 | Snake:3  | Found Xicvaubi's Assorted Antiques.
 39487 | Snake:3  | Bought a grey potion for 35 gold pieces
 39554 | Snake:3  | Found Haerhit's Self-Published Books.
 39779 | Snake:4  | Entered Level 4 of the Snake Pit
 40208 | Snake:4  | Found an opulent altar of Gozag.
 40983 | Snake:4  | Identified the +6 long sword "Beyp" {flame, rF++ rN++
                  | Dex-4}
 41405 | Snake:4  | Got a serpentine rune of Zot
 42297 | Elf:1    | Entered Level 1 of the Elven Halls
 42372 | Elf:1    | Identified the ring of Xom's Recklessness {rPois rN+ MP+9
                  | Dex+2}
 43040 | Elf:1    | Reached XP level 20. HP: 103/142 MP: 38/38
 43833 | Elf:2    | Reached skill level 15 in Invocations
 43928 | Elf:2    | Found a crumbling gateway.
 43958 | Elf:2    | Acquired the staff of the Dancing Gods {rElec SInv Air}
 44012 | Desolati | Entered the Desolation of Salt
 44306 | Desolati | Identified the ring of Arryof {+Blink rElec rPois AC+4
                  | Int-3}
 44628 | Desolati | Reached skill level 14 in Ranged Weapons
 44664 | Desolati | Got Cerebov's Spellbook of Calefaction
 44669 | Desolati | Identified the +2 great sword "Lita" {drain, *Noise rN+
                  | SInv}
 45039 | Desolati | Got Xoanitor's Anthology of the Grim Xenolith
 45040 | Desolati | Identified the +5 shortbow "Roachypn" {antimagic, Stlth+}
 45042 | Desolati | Identified the staff "Ox" {rF+ rN+ Str+3 Int+3 Conj}
 45395 | Desolati | Got the Quarto of the Neverending Bounties
 45397 | Desolati | Identified the ring of Xom's Fair Game {rElec MP+9 Str+5
                  | Int+3}
 45399 | Desolati | Identified the amulet of Tiqaon {Acrobat MP-9 Str+4 Dex+5}
 45403 | Desolati | Identified the orb of Poal {*Rage, Will+ Int+2}
 45744 | Elf:2    | Reached skill level 15 in Spellcasting
 45953 | Elf:2    | Found a portal to a secret trove of treasure.
 46090 | Elf:2    | Found a runed translucent door.
 46118 | Elf:2    | Found a runed translucent door.
 46233 | Elf:2    | Found Gynuoceu's Magic Scroll Emporium.
 46254 | Elf:3    | Entered Level 3 of the Elven Halls
 46921 | Elf:3    | Reached skill level 15 in Dodging
 46925 | Elf:3    | Identified the ring "Otudiub" {rF+ Will- MP+9 Dex+2}
 46940 | Elf:3    | Reached XP level 21. HP: 125/149 MP: 16/40
 46957 | Elf:3    | Identified the +12 ice dragon scales of Koxotzey {rF- rC++
                  | Str+3}
 47100 | Elf:3    | Reached skill level 15 in Stealth
 47245 | Elf:3    | Identified the +0 chain mail of Deat {rF++ Dex-3}
 47435 | Elf:3    | Identified the staff of Darkness {rN+ Str+3 Necro}
 48530 | Vaults:1 | Entered Level 1 of the Vaults
 49057 | Vaults:1 | Reached skill level 15 in Ranged Weapons
 49746 | Vaults:1 | Reached skill level 15 in Translocations
 50279 | Vaults:2 | Found a staircase to the Crypt.
 50487 | Vaults:2 | Reached skill level 15 in Fighting
 50487 | Vaults:2 | Reached skill level 15 in Short Blades
 50487 | Vaults:2 | Reached skill level 15 in Long Blades
 50487 | Vaults:2 | Reached skill level 15 in Axes
 50487 | Vaults:2 | Reached skill level 15 in Maces & Flails
 50487 | Vaults:2 | Reached skill level 15 in Polearms
 50487 | Vaults:2 | Reached skill level 15 in Staves
 50487 | Vaults:2 | Reached skill level 15 in Throwing
 50487 | Vaults:2 | Reached skill level 15 in Armour
 50487 | Vaults:2 | Reached skill level 15 in Shields
 50487 | Vaults:2 | Reached skill level 15 in Unarmed Combat
 50487 | Vaults:2 | Reached skill level 15 in Evocations
 50623 | Vaults:2 | Reached XP level 22. HP: 157/157 MP: 41/41
 52307 | Vaults:3 | Reached skill level 16 in Ranged Weapons
 53743 | Vaults:4 | Noticed Norris
 53751 | Vaults:4 | Killed Norris
 54207 | Vaults:4 | Reached XP level 23. HP: 96/164 MP: 43/43
 54346 | Vaults:4 | Reached skill level 15 in Summonings
 54986 | Vaults:4 | Reached skill level 17 in Ranged Weapons
 55459 | Vaults:3 | Identified the +3 ring mail "Dorchomee" {Fly rPois rF- rC+}
 55712 | Crypt:1  | Entered Level 1 of the Crypt
 55978 | Depths:1 | Entered Level 1 of the Depths
 56287 | Depths:1 | Found Faeculu's Distillery.
 56375 | Depths:1 | Found a one-way gate leading to the halls of Pandemonium.
 56525 | Depths:1 | Found a gateway to Hell.
 56556 | Depths:1 | Got the Encyclopedia of Lithomancy
 56727 | Depths:1 | Found a one-way gateway to a ziggurat.
 56803 | Depths:1 | Paralysed by a vampire knight for 5 turns
 56881 | Depths:1 | Identified the +11 shortbow "Baopp" {drain, rElec Int+4}
 57586 | Depths:2 | Found Uthinex's General Store.
 58120 | Depths:2 | Reached skill level 15 in Shapeshifting
 58304 | Depths:2 | Noticed a golden dragon
 58310 | Depths:2 | Noticed a golden dragon
 58379 | Depths:2 | Killed a golden dragon
 58419 | Depths:2 | Killed a golden dragon
 58420 | Depths:2 | Reached XP level 24. HP: 172/172 MP: 44/44
 58565 | Depths:3 | Reached skill level 18 in Ranged Weapons
 58683 | Depths:3 | Found Odesaqot's Book Shop.
 58860 | Depths:3 | Identified the +3 leather armour of the Bagpipe {Regen+}
 59096 | Depths:3 | Found a shimmering altar of Xom.
 59098 | Depths:3 | Found a shimmering altar of Xom.
 59101 | Depths:3 | Found a shimmering altar of Xom.
 59102 | Depths:3 | Found a shimmering altar of Xom.
 59527 | Depths:3 | Noticed a caustic shrike
 59867 | Depths:3 | Killed a caustic shrike
 59948 | Depths:3 | Identified the +4 arbalest "Quggaele" {drain, rC+ Int+3}
 59994 | Depths:4 | Entered Level 4 of the Depths
 59998 | Depths:4 | Noticed Margery
 60043 | Depths:4 | Noticed a juggernaut
 60050 | Depths:4 | Killed a juggernaut
 60081 | Depths:4 | Gained mutation: Armour fits poorly on your strangely
                  | shaped body. [mutagenic glow]
 60092 | Depths:4 | Gained mutation: Your body sometimes deteriorates upon
                  | taking damage. [mutagenic glow]
 60161 | Depths:4 | Lost mutation: Armour fits poorly on your strangely shaped
                  | body. [potion of mutation]
 60161 | Depths:4 | Lost mutation: Your body sometimes deteriorates upon taking
                  | damage. [potion of mutation]
 60161 | Depths:4 | Gained mutation: Your spells are a little harder to cast,
                  | but a little more powerful. [potion of mutation]
 60161 | Depths:4 | Gained mutation: Your muscles are strong. (Str +4, Int/Dex
                  | -1) [potion of mutation]
 60161 | Depths:4 | Gained mutation: Your mind is acute. (Int +4, Str/Dex -1)
                  | [potion of mutation]
 60161 | Depths:4 | Gained mutation: You are agile. (Dex +4, Str/Int -1)
                  | [potion of mutation]
 60291 | Depths:4 | Identified the +1 scimitar "Hell-Harrower" {drain, Str+4}
 60293 | Depths:4 | Identified the +4 falchion of Valuable Assets {pain, rElec
                  | rF+ rN+ Int+4}
 60323 | Depths:4 | Found a gate to the Realm of Zot.
 60594 | Depths:4 | Killed Margery
 60867 | Depths:4 | Reached skill level 19 in Ranged Weapons
 61045 | Depths:4 | Noticed Parghit
 61054 | Depths:4 | Killed Parghit
 61055 | Depths:4 | Reached XP level 25. HP: 180/180 MP: 29/44
 61720 | Depths:4 | Noticed a juggernaut
 61724 | Depths:4 | Noticed a juggernaut
 61727 | Depths:4 | Killed a juggernaut
 61960 | Depths:4 | Killed a juggernaut
 62056 | Depths:4 | Identified the staff "Qeorol" {Contam rC+ Str+7 Int-5 Dex+4
                  | Ice}
 62603 | Vaults:5 | Entered Level 5 of the Vaults
 62873 | Vaults:5 | Paralysed by an ogre mage for 5 turns
 62979 | Vaults:5 | Noticed a dread lich
 62990 | Vaults:5 | Killed a dread lich
 63045 | Vaults:5 | Lost mutation: You are agile. (Dex +4, Str/Int -1) [a
                  | shining eye]
 63169 | Vaults:5 | Identified the +10 hand axe "Widowermaker" {freeze, Drain
                  | Fly Str+4}
 63174 | Vaults:5 | Identified the +9 battleaxe of Taitri {drain, rPois Dex+3}
 63233 | Vaults:5 | Got the Compendium of Electricity
 63342 | Vaults:5 | Identified the +10 whip "Pobomm" {freeze, rElec Will- Int+7
                  | Stlth-}
 63363 | Vaults:5 | Reached skill level 20 in Ranged Weapons
 63548 | Vaults:5 | Identified the +8 plate armour "Vennus" {rF+}
 63582 | Vaults:5 | Identified the +0 chain mail "Qeiw" {rElec}
 63586 | Vaults:5 | Identified the orb of Sloth {mayhem, rC- Dex+5 Stlth+}
 63610 | Vaults:5 | Identified the +7 whip of Res Nullius {freeze, rElec}
 63723 | Vaults:5 | Reached skill level 15 in Conjurations
 63723 | Vaults:5 | Reached skill level 15 in Hexes
 63723 | Vaults:5 | Reached skill level 15 in Necromancy
 63723 | Vaults:5 | Reached skill level 15 in Transmutations
 63723 | Vaults:5 | Reached skill level 15 in Fire Magic
 63723 | Vaults:5 | Reached skill level 15 in Ice Magic
 63723 | Vaults:5 | Reached skill level 15 in Air Magic
 63723 | Vaults:5 | Reached skill level 15 in Earth Magic
 63723 | Vaults:5 | Reached skill level 15 in Poison Magic
 63884 | Vaults:5 | Reached XP level 26. HP: 188/188 MP: 45/45
 63992 | Vaults:5 | Got a silver rune of Zot
 64204 | Vaults:5 | Learned a level 7 spell: Ozocubu's Refrigeration
 64213 | Vaults:5 | Learned a level 8 spell: Disjunction
 64587 | Zot:1    | Entered Level 1 of the Realm of Zot
 64718 | Zot:1    | Noticed a juggernaut
 65165 | Zot:1    | Killed a juggernaut
 65411 | Zot:1    | Learned a level 4 spell: Dispel Undead
 65417 | Zot:1    | Learned a level 5 spell: Borgnjor's Vile Clutch
 66799 | Zot:2    | You fall into a shaft and drop 1 floor!
 68184 | Zot:3    | Reached skill level 21 in Ranged Weapons
 69615 | Zot:4    | Reached XP level 27. HP: 182/197 MP: 45/45
 69685 | Zot:4    | Found a runed translucent gate.
 69685 | Zot:4    | Found a runed translucent gate.
 69685 | Zot:4    | Found a runed translucent gate.
 70256 | Zot:4    | Found the +4 consecrated labrys {holy, Valiant Fragile Fly
                  | SInv}
 71557 | Crypt:1  | Noticed Frederick
 71568 | Crypt:1  | Killed Frederick
 72268 | Crypt:2  | Acquired the ring of the Pure Beasts {rPois rF++ rCorr
                  | Dex+3}
 73065 | Crypt:2  | Found a basalt altar of Yredelemnul.
 73282 | Crypt:2  | Found a runed translucent gate.
 73282 | Crypt:2  | Found a runed translucent gate.
 73351 | Crypt:2  | Found a runed translucent gate.
 73595 | Crypt:2  | Noticed Neghedd's ghost (veteran GrEE)
 73595 | Crypt:2  | Noticed Uferhotu's ghost (veteran MiGl)
 73595 | Crypt:2  | Noticed Omoexics's ghost (veteran DsGl)
 73838 | Crypt:2  | Killed Uferhotu's ghost
 73841 | Crypt:2  | Killed Neghedd's ghost
 73842 | Crypt:2  | Reached skill level 22 in Ranged Weapons
 73846 | Crypt:2  | Killed Omoexics's ghost
 73850 | Crypt:2  | Identified the ring of Ufaegg {Fly rElec rPois rN+ MP-9}
 74034 | Crypt:3  | Entered Level 3 of the Crypt
 74596 | Crypt:3  | Found a basalt altar of Yredelemnul.
 74596 | Crypt:3  | Noticed a dread lich
 74606 | Crypt:3  | Killed a dread lich
 74644 | Crypt:3  | Identified the +2 falchion "Kompecigyn" {speed, Dex+3}
 74646 | Crypt:3  | Identified the ring "Wittuss" {MP+9 Str+5}
 74710 | Crypt:3  | Identified the +6 chain mail of Wariness {Str-5 Dex+4}
 74861 | Crypt:3  | Found a staircase to the Tomb.
 75431 | Tomb:1   | Entered Level 1 of the Tomb of the Ancients
 76387 | Hell     | Entered the Vestibule of Hell
 76387 | Hell     | Noticed Geryon
 76397 | Hell     | Killed Geryon
 76637 | Hell     | Noticed a dread lich
 76653 | Hell     | Killed a dread lich
 77053 | Hell     | Found a gateway to the Iron City of Dis.
 77168 | Hell     | Found a gateway to the freezing wastes of Cocytus.
 77323 | Hell     | Found a gateway to the decaying netherworld of Tartarus.
 77408 | Hell     | Found a gateway to the ashen valley of Gehenna.
 77661 | Zot:4    | Got the Discourse on Frigorific Sidekicks
 77692 | Zot:4    | Found the +12 glaive of Prune {freeze, Prune}
 77792 | Zot:4    | Reached skill level 23 in Ranged Weapons
 77990 | Zot:4    | Noticed Emoisch's ghost (adept MiFi)
 78015 | Zot:5    | Entered Level 5 of the Realm of Zot
 78577 | Zot:5    | Noticed an ancient lich
 78619 | Zot:5    | Killed an ancient lich
 78864 | Zot:5    | Noticed an orb of fire
 78901 | Zot:5    | Killed an orb of fire
 79032 | Zot:5    | Noticed an ancient lich
 79041 | Zot:5    | Killed an ancient lich
 79724 | Zot:5    | Noticed an ancient lich
 79739 | Zot:5    | Killed an ancient lich
 79927 | Zot:5    | Noticed an ancient lich
 79937 | Zot:5    | Killed an ancient lich
 79946 | Zot:5    | Noticed an orb of fire
 79954 | Zot:5    | Gained mutation: You do not regenerate when monsters are
                  | visible. [an orb of fire]
 79955 | Zot:5    | Gained mutation: You are clumsy. (Dex -2) [an orb of fire]
 79957 | Zot:5    | Gained mutation: You occasionally lose the ability to read
                  | scrolls when taking damage. [an orb of fire]
 79958 | Zot:5    | Gained mutation: You occasionally lose the ability to drink
                  | potions when taking damage. [an orb of fire]
 79961 | Zot:5    | Killed an orb of fire
 79969 | Zot:5    | Noticed an ancient lich
 79970 | Zot:5    | Killed an ancient lich
 80315 | Zot:5    | Lost mutation: Your spells are a little harder to cast, but
                  | a little more powerful. [potion of mutation]
 80315 | Zot:5    | Lost mutation: You occasionally lose the ability to read
                  | scrolls when taking damage. [potion of mutation]
 80315 | Zot:5    | Lost mutation: You are clumsy. (Dex -2) [potion of
                  | mutation]
 80315 | Zot:5    | Gained mutation: You sometimes lose the ability to drink
                  | potions when taking damage. [potion of mutation]
 80315 | Zot:5    | Gained mutation: You are strong-willed. (Will+) [potion of
                  | mutation]
 80316 | Zot:5    | Lost mutation: You are strong-willed. (Will+) [potion of
                  | mutation]
 80316 | Zot:5    | Lost mutation: You sometimes lose the ability to drink
                  | potions when taking damage. [potion of mutation]
 80316 | Zot:5    | Lost mutation: You do not regenerate when monsters are
                  | visible. [potion of mutation]
 80316 | Zot:5    | Gained mutation: You have hidden genetic potential. [potion
                  | of mutation]
 80316 | Zot:5    | Gained mutation: You sometimes lose your temper in combat.
                  | [potion of mutation]
 80317 | Zot:5    | Lost mutation: Your mind is acute. (Int +4, Str/Dex -1)
                  | [potion of mutation]
 80317 | Zot:5    | Lost mutation: You have hidden genetic potential. [potion
                  | of mutation]
 80317 | Zot:5    | Gained mutation: Your spells are a little easier to cast,
                  | but a little less powerful. [potion of mutation]
 80317 | Zot:5    | Gained mutation: You are strong-willed. (Will+) [potion of
                  | mutation]
 80318 | Zot:5    | Lost mutation: Your muscles are strong. (Str +4, Int/Dex
                  | -1) [potion of mutation]
 80318 | Zot:5    | Lost mutation: You are strong-willed. (Will+) [potion of
                  | mutation]
 80318 | Zot:5    | Lost mutation: You occasionally lose the ability to drink
                  | potions when taking damage. [potion of mutation]
 80318 | Zot:5    | Gained mutation: You have a pair of small horns on your
                  | head. [potion of mutation]
 80318 | Zot:5    | Lost mutation: Your spells are a little easier to cast, but
                  | a little less powerful. [potion of mutation]
 80318 | Zot:5    | Gained mutation: You are somewhat resistant to further
                  | mutation. [potion of mutation]
 80325 | Zot:5    | Got the Orb of Zot
 80346 | Zot:3    | Noticed Geleg the pandemonium lord
 80898 | D:$      | Escaped with the Orb!

Illustrated notes

Levels and vault maps discovered:
D:1:      spicycebolla_arrival_clurvy, layout_basic
D:2:      layout_rooms, ebering_ecumenical_altar_ruins, st_stairs_4
D:3:      layout_loops_corners, lightli_sewer_entry_pipes
D:4:      minmay_clustersquares, layout_loops_corners, lemuel_round_altar,
          minmay_misc_feat_rows, nicolae_grassy_gnolls
D:5:      layout_loops_ring, nicolae_hepliaklqana_hippocampus
D:6:      layout_basic, nicolae_dithmenos_shadow_blocks,
          trog_three_pillars_becter, mainiacjoe_overflow_boulevard,
          nicolae_gozag_seed_capital, minmay_temple_entry_mist
D:7:      layout_basic, lemuel_zombie_altar_yredelemnul
D:8:      nicolae_cairo_tiling_very_big, layout_cave_pods,
          mainiacjoe_overflow_divided_tiny,
          lemuel_mausoleum_altar_kikubaaqudgha, elyvilon_altar_1, uniq_grum,
          uniq_maurice
D:9:      layout_roguey [special_room_orc], mainiacjoe_overflow_alcove_4,
          uniq_psyche
D:10:     layout_layer_cave, mainiacjoe_overflow_concentric_impassable,
          serial_shops, nicolae_shop_rolling_square, shop,
          nicolae_shop_statue_plus, uniq_nergalle
D:11:     layout_roguey, uniq_erolcha
D:12:     layout_basic, david_orc_1_choice, minivault_25_ag
D:13:     layout_loops_ring, minivault_14, uniq_rupert, uniq_frances
D:14:     layout_basic, ximxim_vaults_locker_room, serial_glass,
          glass_columns_c, glass_columns_b, due_unseen_surprise,
          item_on_display_a, item_on_display_a, grunt_ministairs_4,
          chequers_serial_rivers_small_b, uniq_azrael
D:15:     hangedman_depths_entry_civil_slaughter, layout_basic,
          minmay_tree_intersection, grunt_potential
Lair:1:   layout_loops_ring, gammafunk_lair_bear_cave
Lair:2:   gammafunk_boulding_lane, layout_small_grid,
          nicolae_swamp_entry_spooky, portal_ice_cave_demonic_guard
Lair:3:   layout_chaotic_city, alex1729_snake_entry_snake,
          gauntlet_entry_generic, pond
Lair:4:   layout_cave_pods, roderic_carrion_pond, kennysheep_abandoned_house,
          lemuel_fruit_fields, serial_bayou_shore_a
Lair:5:   due_jungle_book, layout_loops_ring, minmay_slime_entry_jelly_boxes,
          gammafunk_ghost_abyssal_escape
Swamp:1:  layout_falls_marsh, nicolae_swamp_stuck_in_the_mud, swamp_pool_1_2,
          nicolae_swamp_little_tower, beargit_guarded_unrand_captain_cutlass,
          nicolae_swamp_decorative_isthmus
Swamp:2:  layout_falls_marsh, evilmike_swamp_ruin_house_5
Swamp:3:  layout_basic_swamp, evilmike_swamp_ruin_house_1, uniq_roxanne
Swamp:4:  swamp_pestilence, layout_basic_swamp
Snake:1:  layout_chambers, nicolae_snake_snake_lake, grunt_ministairs_6,
          nicolae_snake_boneroom
Snake:2:  kennysheep_six_static_rooms, layout_basic, serial_shops,
          nicolae_shop_tiny_glass, uniq_vashnia, uniq_asterion, uniq_saint_roka
Snake:3:  layout_misc_corridors, serial_shops, nicolae_shop_dealshenge,
          nicolae_stop_n_shop_2, shop, shop, nicolae_custom_books, drop_trap,
          nicolae_snake_slithery_hallway, uniq_jorgrun
Snake:4:  hellmonk_snake_rune_quicksilver_temple, layout_cave_town,
          lemuel_oklob_altar
Orc:1:    layout_caves, basic_altar
Orc:2:    kennysheep_orc_mage_school, layout_caves
Elf:1:    elf_arrival_001, layout_geoelf_diagonals,
          kennysheep_underground_church, item_on_display_a
Elf:2:    nicolae_elf_blades_splatter_lattice
          [nicolae_blade_entry_splitting_headache], layout_geoelf_grid,
          serial_shops, nicolae_shop_rolled_up,
          portal_desolation_entry_nicolae_nacl, nicolae_trove_entry_free_sample
Elf:3:    minmay_elf_hall_spiked, layout_geoelf_diagonals
Vaults:1: nicolae_vaults_asterisk, st_octagons_1,
          nicolae_vaults_variable_pillar_hall, nicolae_vaults_storage_closets_2,
          grunt_vaults_twisty, hangedman_vaults_restitches,
          nicolae_vaults_network_s, nicolae_vaults_little_squares_3,
          dpeg_vaults_monster_box, layout_vaults_chaotic_city
Vaults:2: minmay_crypt_entry_simple_corners, vaults_room_semicircle,
          nicolae_vaults_circle_grid_b, v_alt_pattern_2,
          nicolae_vaults_quartermaster, hangedman_vaults_maws,
          layout_vaults_omnigrid
Vaults:3: nicolae_vaults_fighting_squares, nicolae_vaults_shelves_hall,
          v_misc_8, hangedman_vaults_hat, v_pattern_4,
          nicolae_vaults_more_shelving_2, dpeg_vaults_monster_row,
          vaults_mumra_hex, nicolae_vaults_bisected_slash, vaults_room_hallway,
          nicolae_vaults_bisected_exclaves, serial_ice_m,
          nicolae_vaults_oval_intersection, ontoclasm_vaults_idyll,
          nicolae_vaults_apartment_1, nicolae_vaults_diamond_1,
          nicolae_vaults_gold_heap, layout_vaults_ring
Vaults:4: vaults_room_corners, nicolae_vaults_storage_closets_3,
          vaults_dpeg_ring, nicolae_vaults_shrinking_rooms_1,
          nicolae_vaults_six-pack, nicolae_vaults_sightless_eye,
          hangedman_vaults_variations, nicolae_vaults_storage_room_statues,
          layout_vaults_omnicross, uniq_norris
Vaults:5: serial_shops
Crypt:1:  layout_basic, serial_library_hellmonk_reading_circle,
          grunt_crypt_arrival_guarded_gate, uniq_frederick
Crypt:2:  layout_regular_city, gammafunk_ghost_cemetery,
          roadster_capsule_ark_zombie, uniq_grunn
Crypt:3:  cryptofortress_bobbens
Tomb:1
Depths:1: layout_gridlike, enter_ziggurat_c, pan_entry, lightli_too_deep,
          nrook_mini_backslash, kennysheep_pointless_box, nicolae_titane,
          minmay_shop_star
Depths:2: cross_vault, layout_twisted_cross, minmay_misc_feat_pillars,
          hell_entry, grunt_pan_entry_spiral, serial_shops,
          nicolae_shop_tiny_waterfront, minmay_staircase_statues,
          serial_bayou_shore_b, firewood_loft
Depths:3: evilmike_inaccessible_box, layout_basic,
          abyss_entry_small_statue_room, hell_entry, xom_redecorated,
          serial_shops, nicolae_shop_just_a_little_nook, grunt_ministairs_10
Depths:4: hangedman_pleasuredromes, abyss_entry, hell_entry, uniq_margery,
          uniq_parghit
Hell
Zot:1:    ebering_greatest_show_in_zot, layout_gridlike
Zot:2:    layout_gridville, regret_index_zotdec_golden_two_three, st_stairs_14
Zot:3:    layout_misc_corridors, regret_index_zotdec_plus,
          regret_index_zot_stipple_split
Zot:4:    layout_misc_corridors, gammafunk_ghost_tricky_traps,
          st_large_dragon_hoard_2
Zot:5:    layout_gridlike, nicolae_zig_zag_zippers

Skill      XL: |  1  2  3  4  5  6  7  8  9 10 11 12 13 14 15 16 17 18 19 20 21 22 23 24 25 26 27 |
---------------+----------------------------------------------------------------------------------+-----
Spellcasting   | 5 6 7 8 9 10 11 12 13 14 15 16 17 18 20 | 20.5
Invocations    | 1 2 3 4 5 6 7 8 9 10 11 12 13 14 15 16 17 18 19 21 | 21.6
Fighting       | 1 2 3 4 5 6 8 9 10 11 12 13 14 15 16 17 18 20 | 20.0
Short Blades   | 1 2 3 4 5 6 8 9 10 11 12 13 14 15 16 17 18 20 | 20.0
Long Blades    | 1 2 3 4 5 6 8 9 10 11 12 13 14 15 16 17 18 20 | 20.0
Axes           | 1 2 3 4 5 6 8 9 10 11 12 13 14 15 16 17 18 20 | 20.0
Maces & Flails | 1 2 3 4 5 6 8 9 10 11 12 13 14 15 16 17 19 22 | 22.0
Polearms       | 1 2 3 4 5 6 8 9 10 11 12 13 14 15 16 17 18 20 | 20.0
Staves         | 1 2 3 4 5 6 8 9 10 11 12 13 14 15 16 17 18 20 | 20.0
Ranged Weapons | 1 2 3 4 5 6 8 9 10 11 12 13 14 15 16 17 19 20 21 23 | 23.9
Throwing       | 1 2 3 4 5 6 8 9 10 11 12 13 14 15 16 17 18 20 | 20.0
Armour         | 1 2 3 4 5 6 8 9 10 11 12 13 14 15 16 17 18 20 | 20.0
Shields        | 1 2 3 4 5 6 8 9 10 11 12 13 14 15 16 17 18 20 | 20.0
Unarmed Combat | 1 2 3 4 5 6 8 9 10 11 12 13 14 15 16 17 18 20 | 20.0
Evocations     | 1 2 3 4 5 6 8 9 10 11 12 13 14 15 16 17 18 20 | 20.0
Shapeshifting  | 1 2 3 4 5 6 7 8 9 10 11 12 13 14 15 16 18 | 18.5
Conjurations   | 1 2 3 4 5 6 7 8 9 10 11 12 13 14 15 17 | 17.1
Hexes          | 1 2 3 4 5 6 7 8 9 10 11 12 13 14 15 17 | 17.1
Necromancy     | 1 2 3 4 5 6 7 8 9 10 11 12 13 14 15 17 | 17.1
Translocations | 1 2 3 4 5 6 7 8 9 11 12 13 14 15 16 17 18 19 21 | 21.5
Transmutations | 1 2 3 4 5 6 7 8 9 10 11 12 13 14 15 17 | 17.1
Fire Magic     | 1 2 3 4 5 6 7 8 9 10 11 12 13 14 15 17 | 17.1
Ice Magic      | 1 2 3 4 5 6 7 8 9 10 11 12 13 14 15 17 | 17.1
Air Magic      | 1 2 3 4 5 6 7 8 9 10 11 12 13 14 15 17 | 17.1
Earth Magic    | 1 2 3 4 5 6 7 8 9 10 11 12 13 14 15 17 | 17.1
Poison Magic   | 1 2 3 4 5 6 7 8 9 10 11 12 13 14 15 17 | 17.1
Dodging        | 5 6 7 8 9 10 11 12 13 14 15 16 17 18 20 | 20.4
Stealth        | 5 6 7 8 9 10 11 12 13 14 15 16 17 18 20 | 20.3
Summonings     | 8 9 10 11 12 13 14 15 16 17 18 | 18.3

Action                     |  1- 3 |  4- 6 |  7- 9 | 10-12 | 13-15 | 16-18 | 19-21 | 22-24 | 25-27 || total
---------------------------+-------+-------+-------+-------+-------+-------+-------+-------+-------++-------
  Melee: Unarmed           |    12 |       |       |       |       |       |       |     1 |       ||    13
         Dagger            |    67 |   104 |    64 |       |       |       |       |       |       ||   235
         Bite              |     8 |     6 |     8 |       |       |       |       |       |   191 ||   213
         Punch             |       |     1 |       |       |       |       |       |       |       ||     1
         Labrys            |       |       |       |       |       |       |       |       |   893 ||   893
   Fire: Orcbow            |       |       |   158 |   653 |    50 |       |       |       |       ||   861
         Arbalest          |       |       |       |       |   989 |  1345 |  1415 |  1510 |  1519 ||  6778
  Throw: Dart              |       |       |       |     3 |       |       |       |       |       ||     3
   Cast: Summon Small Mamm |    14 |       |       |       |       |       |       |       |       ||    14
         Call Canine Famil |     3 |    17 |    27 |    12 |     4 |     1 |     1 |       |       ||    65
         Call Imp          |     1 |     9 |     1 |       |       |       |       |       |       ||    11
         Summon Lightning  |       |    10 |    24 |    58 |    20 |     8 |       |       |       ||   120
         Summon Forest     |       |       |       |    11 |    12 |     2 |     1 |       |     2 ||    28
         Dimensional Bulls |       |       |       |     8 |    11 |    17 |     7 |    11 |    27 ||    81
         Yara's Violent Un |       |       |       |     2 |     5 |    10 |    36 |    14 |    15 ||    82
         Olgreb's Toxic Ra |       |       |       |       |       |    18 |    16 |    52 |    21 ||   107
         Ignite Poison     |       |       |       |       |       |     2 |     1 |    12 |     2 ||    17
         Eringya's Noxious |       |       |       |       |       |     1 |       |       |     1 ||     2
         Irradiate         |       |       |       |       |       |     5 |     9 |    23 |    35 ||    72
         Ozocubu's Refrige |       |       |       |       |       |       |       |       |    30 ||    30
         Disjunction       |       |       |       |       |       |       |       |       |     4 ||     4
         Dispel Undead     |       |       |       |       |       |       |       |       |    18 ||    18
 Invoke: Ancestor Life: Kn |       |       |     1 |       |       |       |       |       |       ||     1
         Recall Ancestor   |       |       |       |     1 |     5 |     6 |     2 |     6 |    14 ||    34
         Idealise          |       |       |       |       |     1 |     1 |     5 |     5 |     4 ||    16
         Transference      |       |       |       |       |       |       |     1 |       |       ||     1
  Evoke: Wand              |       |       |     1 |     4 |     4 |     7 |     3 |     9 |     4 ||    32
         Lightning rod     |       |       |       |       |     2 |     9 |     6 |       |     3 ||    20
         Phantom mirror    |       |       |       |       |       |       |       |     2 |       ||     2
         Sack of spiders   |       |       |       |       |       |       |       |       |     1 ||     1
         Condenser vane    |       |       |       |       |       |       |       |       |     1 ||     1
    Use: Scroll            |     1 |     2 |     5 |     6 |    10 |     9 |     4 |     7 |    15 ||    59
         Potion            |       |       |       |     1 |     4 |     2 |       |     4 |    18 ||    29
   Stab: Distracted        |     2 |       |     1 |       |       |       |       |       |    19 ||    22
         Sleeping          |     1 |     3 |     3 |       |       |       |       |       |    27 ||    34
 Armour: Robe              |    45 |    37 |    43 |    43 |       |       |       |       |       ||   168
         Acid dragon scale |       |       |       |    79 |   224 |   426 |   220 |       |       ||   949
         Ice dragon scales |       |       |       |       |       |       |    52 |   422 |   812 ||  1286
  Dodge: Dodged            |    63 |    80 |   134 |   213 |   222 |   299 |   250 |   364 |   628 ||  2253
  Block: Kite shield       |       |       |       |       |       |       |       |       |   644 ||   644

Table legend: (Time is in decaauts)
 A = Elapsed time spent in this place.
 B = Non-inter-level travel time spent in this place.
 C = Inter-level travel time spent in this place.
 D = Time resting spent in this place.
 E = Time spent auto-exploring this place.
 F = Levels seen in this place.
 G = Mean time per level.
                   A        B        C        D        E       F      G
               +--------+--------+--------+--------+--------+-----+--------+
         Total |  80650 |  73261 |   7389 |   4194 |  50443 |  56 | 1440.2 |
       Dungeon |  19952 |  17433 |   2519 |    518 |  13013 |  15 | 1330.1 |
          Lair |   7965 |   7071 |    894 |    360 |   4758 |   5 | 1593.0 |
         Swamp |   5507 |   5237 |    270 |    448 |   3425 |   4 | 1376.8 |
     Snake Pit |   7020 |   6791 |    229 |     49 |   5428 |   4 | 1755.0 |
  Orcish Mines |   2095 |   1743 |    352 |      0 |   1297 |   2 | 1047.5 |
   Elven Halls |   4511 |   4239 |    272 |    201 |   2909 |   3 | 1503.7 |
        Vaults |   9318 |   8150 |   1168 |     78 |   5813 |   5 | 1863.6 |
         Crypt |   4282 |   4044 |    238 |      6 |   3102 |   3 | 1427.3 |
          Tomb |    587 |    574 |     13 |      0 |    379 |   1 |  587.0 |
        Depths |   7697 |   6664 |   1033 |    866 |   4214 |   4 | 1924.2 |
          Hell |    614 |    593 |     21 |      0 |    366 |   1 |  614.0 |
           Zot |   7840 |   7465 |    375 |    834 |   4905 |   5 | 1568.0 |
         Sewer |    247 |    247 |      0 |      0 |    136 |   1 |  247.0 |
      Ice Cave |   1033 |   1033 |      0 |    517 |     79 |   1 | 1033.0 |
    Desolation |   1495 |   1495 |      0 |    273 |    388 |   1 | 1495.0 |
      Gauntlet |    481 |    481 |      0 |     40 |    229 |   1 |  481.0 |
               +--------+--------+--------+--------+--------+-----+--------+

Top non-repeatable levels by time:
Depths:4: 2934 daAuts
 Snake:2: 2389 daAuts
   Zot:5: 2218 daAuts
 Snake:4: 2198 daAuts
    D:15: 2183 daAuts
    D:14: 2131 daAuts
Vaults:2: 2068 daAuts
  Lair:5: 2051 daAuts
Vaults:4: 2011 daAuts
Vaults:3: 1901 daAuts
Depths:1: 1885 daAuts
 Swamp:1: 1813 daAuts
Vaults:1: 1776 daAuts
 Crypt:2: 1731 daAuts
    D:10: 1728 daAuts
